 Dungeon Crawl Stone Soup version 0.32-a0-705-g60f233581c (webtiles) character file.

Game seed: 4050020902908152727

48937 Chimkentus the Jinx (level 14, -6/63 HPs)
             Began as a Spriggan Enchanter on Mar 14, 2024.
             Was a High Priest of Sif Muna.
             Mangled by a death yak (31 damage)
             ... on level 5 of the Lair of Beasts on Mar 15, 2024.
             The game lasted 02:32:03 (19630 turns).

Chimkentus the Jinx (Spriggan Enchanter)           Turns: 19630, Time: 02:32:03

Health: -6/63      AC:  6    Str: 14    XL:     14   Next: 14%
Magic:  24/28      EV: 20    Int: 16    God:    Sif Muna [*****.]
Gold:   921        SH:  5    Dex: 20    Spells: 7/31 levels left

rFire   + . .        U - +11 scimitar of the Depths {heavy, Dex+3 SInv}
rCold   . . .        (no shield)
rNeg    + . .        v - +2 robe {rN+}
rPois   .            (helmet restricted)
rElec   .            g - +1 cloak
rCorr   .            (gloves unavailable)
SInv    +            (boots unavailable)
Will    ++...        I - amulet of reflection
Stlth   ++++++       l - ring of protection from fire
HPRegen 0.30/turn    b - +6 ring of strength
MPRegen 0.21/turn

%: reflection
@: studying Short Blades, very quick
A: very small, no large weapons, unfitting armour, see invisible, speed 3
a: Renounce Religion, Channel Magic, Forget Spell, Divine Exegesis


You were on level 5 of the Lair of Beasts.
You worshipped Sif Muna.
Sif Muna was extremely pleased with you.
You visited 2 branches of the dungeon, and saw 15 of its levels.
You also visited: Volcano.

You collected 921 gold pieces.

Inventory:

Hand Weapons
 a - a +1 dagger of protection
 A - a +2 dagger of venom
 H - a +2 quarterstaff of flaming
 L - a +3 scimitar of holy wrath
 P - a +2 short sword of freezing
 T - a +0 sling of freezing
 U - the +11 scimitar of the Depths (weapon) {heavy, Dex+3 SInv}
   (You found it on level 1 of the Lair of Beasts)

   Dex+3:     It affects your dexterity (+3).
   SInv:      It lets you see invisible.
 V - a +0 hand cannon of flaming
 X - the +0 falchion of Supply {heavy, Int+3}
   (You found it on level 4 of the Lair of Beasts)

   Int+3:     It affects your intelligence (+3).
Missiles
 d - 3 atropa-tipped darts
 B - 3 boomerangs
 O - 18 poisoned darts (quivered)
Armour
 g - a +1 cloak (worn)
 s - +0 acid dragon scales
 v - a +2 robe of positive energy (worn)
 w - a scarf of repulsion
 E - a scarf of invisibility
Magical Staves
 S - the staff of Wrongful Imprisonment {rF+ MP+9 Conj Fire}
   (You found it on level 9 of the Dungeon)

   [staff of fire]

   Base accuracy: +5 Base damage: 5 Base attack delay: 1.2 This weapon's minimum
   attack delay (0.6) is reached at skill level 12.
   rF+:       It protects you from fire.
   MP+9:      It affects your magic capacity (+9).
   Conj:      It increases the power of your Conjurations spells.
   Fire:      It increases the power of your Fire spells.
   It falls into the 'Staves' category.
   It is a two-handed weapon.
Jewellery
 b - a +6 ring of strength (right hand)
 l - a ring of protection from fire (left hand)
 x - an amulet of regeneration
 z - a ring of protection from fire
 I - an amulet of reflection (around neck)
Wands
 Y - a wand of polymorph (1)
Scrolls
 h - 5 scrolls of teleportation
 i - a scroll of torment {unknown}
 k - 3 scrolls of blinking
 m - 2 scrolls of revelation
 n - 3 scrolls of amnesia
 p - 6 scrolls of fog
 q - 2 scrolls of immolation {unknown}
 y - a scroll of vulnerability
 F - a scroll of silence
 J - a scroll of brand weapon
 Q - 3 scrolls of fear
 R - a scroll of enchant weapon {unknown}
Potions
 c - 2 potions of invisibility
 e - a potion of magic {unknown}
 f - 2 potions of ambrosia
 j - 4 potions of attraction
 o - a potion of resistance {unknown}
 r - 5 potions of curing
 t - 2 potions of haste
 u - 2 potions of brilliance
 C - 2 potions of lignification {unknown}
 G - 2 potions of might {unknown}
 K - 2 potions of heal wounds {unknown}
 N - 2 potions of mutation {unknown}


   Skills:
 + Level 2.6 Fighting
 + Level 8.9(9.4) Short Blades
 + Level 3.3(5.4) Long Blades
 + Level 2.6 Ranged Weapons
 + Level 3.4 Throwing
 + Level 5.6 Dodging
 - Level 13.6 Stealth
 + Level 1.2 Shields
 - Level 9.4 Spellcasting
 + Level 5.8 Conjurations
 + Level 13.7 Hexes
 * Level 4.2 Necromancy
 * Level 7.3 Translocations
 + Level 1.5 Fire Magic
 - Level 4.8 Ice Magic
 + Level 2.2 Air Magic
 + Level 2.8 Alchemy
 * Level 8.7 Invocations
 * Level 4.3 Evocations


You had 7 spell levels left.
You knew the following spells:

 Your Spells              Type           Power      Damage    Failure   Level
a - Ensorcelled Hibernat  Hex/Ice        74%        N/A       1%          2
b - Confusing Touch       Hex            51%        N/A       1%          3
c - Tukima's Dance        Hex            51%        N/A       1%          3
d - Dazzling Flash        Conj/Hex       76%        N/A       1%          3
e - Mephitic Cloud        Conj/Alch/Air  19%        N/A       7%          3
f - Inner Flame           Hex/Fire       32%        N/A       1%          3
g - Vhi's Electric Charg  Tloc/Air       44%        N/A       14%         4
h - Vampiric Draining     Necr           21%        2d7       5%          3

Your spell library contained the following spells:

 Spells                   Type           Power      Damage    Failure   Level
 Necrotise                Necr           84%        1d8       1%          1
 Sublimation of Blood     Necr           21%        N/A       2%          2
 Anguish                  Hex/Necr       18%        N/A       2%          4
 Scorch                   Fire           24%        2d6       8%          2
 Silence                  Hex/Air        16%        N/A       10%         5
 Flame Wave               Conj/Fire      19%        2d7       22%         4
 Iskenderun's Battlesphe  Conj           26%        2d8       26%         5
 Brom's Barrelling Bould  Conj/Erth      16%        2d4       28%         4
 Martyr's Knell           Necr/Summ      14%        N/A       38%         4
 Irradiate                Conj/Alch      10%        3d15      41%         5
 Curse of Agony           Necr           21%        N/A       43%         5
 Arcjolt                  Conj/Air       10%        1d20      45%         5
 Petrify                  Alch/Erth      12%        N/A       47%         4
 Fireball                 Conj/Fire      9%         3d6       52%         5
 Summon Blazeheart Golem  Fire/Summ      10%        N/A       56%         4
 Borgnjor's Vile Clutch   Necr/Erth      7%         N/A       75%         5
 Conjure Ball Lightning   Conj/Air       10%        3x3d6     96%         6
 Plasma Beam              Fire/Air       6%         2x1d17    100%        6
 Summon Cactus Giant      Summ           3%         N/A       100%        6
 Orb of Destruction       Conj           13%        9d7       100%        7
 Ignition                 Fire           6%         3d4       100%        8


Dungeon Overview and Level Annotations

Branches:
Dungeon (10/15)            Temple (0/1) D:6            Lair (5/5) D:10
 Shoals (0/4) Lair:3        Snake (0/4) Lair:2        Slime (0/5) Lair:4
Volcano (visited)
    Orc: D:9-12

Altars:
Cheibriados
Gozag
Hepliaklqana
Kikubaaqudgha
Nemelex Xobeh
Okawaru
Qazlal
Ru
Sif Muna
Trog
Vehumet
Jiyva

Shops:
D:4 (

Annotations:
D:9 3 runed translucent doors, crimsonchili123's ghost, novice MiFi


Innate Abilities, Weirdness & Mutations

You are very small and have problems with some larger weapons.
You are too small for most types of armour.
You have supernaturally acute eyesight. (SInv)
You cover ground extremely quickly. (Speed+++)


Message History

The death yak is engulfed in blazing flames.
The death yak bellows!
Throw: dart (curare)
Press: ? - help, Q - select action, (/) - cycle Shift-Dir - straight line, f - death yak
Aim: a death yak (severely wounded, fast, strong, frenzied and wild, 78% to hit)
You throw a curare-tipped dart.
The curare-tipped dart hits the death yak.
The death yak is poisoned.
The death yak struggles to breathe.
The death yak seems to slow down.
The death yak is severely wounded.
Your +2 dagger of venom stops dripping with poison.
Your +0 hand cannon of flaming bursts into flame!
V - a +0 hand cannon of flaming (weapon)
The death yak bellows!
You hear a croak.
Fire: V) +0 hand cannon (flame)
Press: ? - help, Q - select action, (/) - cycle Shift-Dir - straight line, f/p - death yak
Aim: a death yak (severely wounded, fast, strong, frenzied and wild, very poisoned, slow, 80% to hit)
You shoot a slug.
The slug hits the death yak but does no damage.
The death yak is severely wounded.
Fire: V) +0 hand cannon (flame)
Press: ? - help, Q - select action, (/) - cycle Shift-Dir - straight line, f/p - death yak
Aim: a death yak (almost dead, fast, strong, frenzied and wild, very poisoned, slow, 80% to hit)
You shoot a slug. The slug hits the death yak.
The slug burns the death yak.
The death yak is almost dead.
Unknown command.
Okay, then.
The death yak bellows!
The death yak attacks as it pursues you!
The death yak misses you.
Your +0 hand cannon of flaming stops flaming.
You feel agile.
U - the +11 scimitar of the Depths (weapon)
{heavy, Dex+3 SInv} The death yak is no longer moving slowly.
You barely miss the death yak.
The death yak is almost dead.
The death yak gores you!!!
Ouch! That really hurt!
The death yak gores you!!
You die...

##. #P. . #P. †.# ### #..
....###### #.#### ##.
..(...#..## ###....####.
..........## ###...........
.....(.....######.............
............Y@................
..............................
..............................
..#..##...##.#.#.#..#.#P#.###.
# #.# ######.##.###.#.######..
## ###.#.###### ### ## ## #


You could see a neutral death yak (fast, strong, frenzied, poisoned).

Vanquished Creatures
  6 hydras
  A fire dragon (Volcano)
  A catoblepas (Lair:4)
  3 death yaks (Lair:2)
  2 skysharks
  A dancing weapon (D:7)
  The ghost of CrossHare the Cleaver, a novice MDCA of Ignis (D:6)
  Pikel (D:7)
  A lindwurm (Volcano)
  7 black mambas
  16 elephants
  The ghost of Griffin23 the Slasher, a novice MiFi (D:5)
  A gargoyle (D:10)
  13 cane toads
  A rime drake (Lair:1)
  13 komodo dragons
  Maggie (D:7)
  2 merfolk (Lair:3)
  A hornet (D:9)
  3 trolls (D:10)
  2 polar bears (Lair:4)
  12 blink frogs
  46 yaks
  2 wyverns
  6 fire bats (Volcano)
  6 basilisks
  4 steam dragons
  Menkaure (D:5)
  12 water moccasins
  A naga (Lair:2)
  3 acid dragons
  A hell hound (Volcano)
  6 orc warriors
  6 black bears
  2 sky beasts
  10 wolves
  3 ogres
  2 centaurs (D:7)
  A lemure (D:7)
  A phantom (D:5)
  3 kobold brigands
  10 bullfrogs
  2 gnoll sergeants
  2 scorpions
  6 wights
  12 killer bees
  6 electric eels
  2 bombardier beetles
  2 orc priests
  9 hounds
  2 jellies
  A gnoll bouda (D:7)
  2 iguanas (D:6)
  A sleepcap (D:4)
  7 orc wizards
  9 gnolls
  6 adders
  A river rat (D:5)
  A shadow imp (D:7)
  A white imp (D:7)
  2 ufetubi (D:5)
  A dart slug (D:3)
  16 orcs
  7 ball pythons
  6 endoplasms
  6 giant cockroaches
  6 goblins
  10 hobgoblins
  7 jackals
  2 quokkas
  5 bats
  4 frilled lizards
  15 kobolds
  5 rats
380 creatures vanquished.

Vanquished Creatures (collateral kills)
  2 death yaks (Lair:5)
  2 elephants
  A blink frog (Lair:2)
  2 yaks (Lair:2)
  A naga (Lair:2)
  An orc warrior (D:7)
  2 ogres
  A kobold brigand (D:10)
  7 wights
  An electric eel (Lair:1)
  2 gnoll boudas (D:7)
  A hound (D:6)
  9 gnolls
  6 orcs
  3 kobolds (D:10)
41 creatures vanquished.

Vanquished Creatures (others)
  15 dancing weapons
  2 elephants
  A komodo dragon (Lair:2)
  A gnoll (D:7)
19 creatures vanquished.

Grand Total: 440 creatures vanquished

Notes
Turn   | Place    | Note
-------+----------+-------------------------------------------
     0 | D:1      | Chimkentus the Spriggan Enchanter began the quest for the
                  | Orb.
     0 | D:1      | Reached XP level 1. HP: 9/9 MP: 5/5
   197 | D:1      | Reached XP level 2. HP: 13/13 MP: 6/6
   200 | D:1      | Learned a level 2 spell: Ensorcelled Hibernation
   915 | D:1      | Reached XP level 3. HP: 16/16 MP: 0/8
  1421 | D:2      | Learned a level 3 spell: Confusing Touch
  1678 | D:2      | Reached skill level 5 in Stealth
  1683 | D:2      | Reached XP level 4. HP: 21/21 MP: 2/9
  2370 | D:3      | Found a hazy altar of Hepliaklqana.
  2372 | D:3      | Found a radiant altar of Vehumet.
  2377 | D:3      | Found an opulent altar of Gozag.
  2380 | D:3      | Found an iron altar of Okawaru.
  2382 | D:3      | Found a sacrificial altar of Ru.
  2388 | D:3      | Found a sparkling altar of Nemelex Xobeh.
  2465 | D:3      | Reached XP level 5. HP: 25/25 MP: 11/11
  2813 | D:3      | Learned a level 3 spell: Tukima's Dance
  2817 | D:3      | Learned a level 3 spell: Dazzling Flash
  3219 | D:4      | Reached skill level 5 in Hexes
  3533 | D:4      | Reached XP level 6. HP: 26/29 MP: 12/12
  3565 | D:4      | Found Doshil's Antique Weapon Shop.
  3774 | D:4      | Found a shimmering blue altar of Sif Muna.
  3780 | D:4      | Became a worshipper of Sif Muna the Loreminder
  4017 | D:5      | Entered Level 5 of the Dungeon
  4149 | D:5      | Reached XP level 7. HP: 32/32 MP: 8/14
  4196 | D:5      | Noticed Menkaure
  4225 | D:5      | Killed Menkaure
  4226 | D:5      | Reached skill level 1 in Ice Magic
  4226 | D:5      | Reached skill level 1 in Invocations
  4432 | D:5      | Found a runed translucent door.
  4437 | D:5      | Noticed Griffin23's ghost (novice MiFi)
  4460 | D:5      | Found a runed translucent door.
  5517 | D:5      | Killed Griffin23's ghost
  5518 | D:5      | Reached skill level 1 in Fighting
  5518 | D:5      | Reached skill level 1 in Evocations
  5518 | D:5      | Reached XP level 8. HP: 35/37 MP: 14/16
  5601 | D:6      | Learned a level 3 spell: Mephitic Cloud
  5701 | D:6      | Reached skill level 5 in Short Blades
  5701 | D:6      | Reached skill level 5 in Spellcasting
  5847 | D:6      | Found a runed translucent gate.
  5847 | D:6      | Found a runed translucent gate.
  5850 | D:6      | Found a runed translucent gate.
  5853 | D:6      | Noticed CrossHare's ghost (novice MDCA)
  5897 | D:6      | Found a staircase to the Ecumenical Temple.
  6029 | D:6      | Reached * piety under Sif Muna
  6079 | D:6      | Reached skill level 1 in Conjurations
  6419 | D:6      | Reached XP level 9. HP: 32/41 MP: 1/18
  6541 | D:6      | Found a bloodstained altar of Trog.
  6730 | D:6      | Found a snail-covered altar of Cheibriados.
  7101 | D:6      | Killed CrossHare's ghost
  7179 | D:7      | Reached skill level 1 in Throwing
  7300 | D:7      | Reached skill level 10 in Stealth
  7453 | D:7      | Reached ** piety under Sif Muna
  7730 | D:7      | Noticed Maggie
  8125 | D:7      | Reached XP level 10. HP: 45/45 MP: 12/20
  8387 | D:7      | Reached skill level 10 in Hexes
  8675 | D:7      | Killed Maggie
  8722 | D:7      | Noticed Pikel
  8759 | D:7      | Killed Pikel
  9187 | D:8      | Found an ancient bone altar of Kikubaaqudgha.
  9811 | D:8      | Learned a level 3 spell: Inner Flame
 10040 | D:9      | Reached *** piety under Sif Muna
 10208 | D:9      | Reached skill level 5 in Invocations
 10257 | D:9      | Reached XP level 11. HP: 49/49 MP: 7/23
 10420 | D:9      | Identified the staff of Wrongful Imprisonment {rF+ MP+9
                  | Conj Fire}
 10660 | D:9      | Identified the +0 scale mail of Springtime {rPois Dex+3
                  | SInv}
 10715 | D:9      | Found a runed translucent gate.
 10716 | D:9      | Found a runed translucent gate.
 10716 | D:9      | Found a runed translucent gate.
 10717 | D:9      | Found an opulent altar of Gozag.
 10718 | D:9      | Noticed crimsonchili123's ghost (novice MiFi)
 10718 | D:9      | Noticed a centaur warrior
 10718 | D:9      | Noticed an eight-headed hydra
 10983 | D:10     | Entered Level 10 of the Dungeon
 11126 | D:10     | Found a staircase to the Lair.
 11927 | D:10     | Noticed an eight-headed hydra
 11934 | D:10     | Killed an eight-headed hydra
 12217 | Lair:1   | Entered Level 1 of the Lair of Beasts
 12399 | Lair:1   | Reached **** piety under Sif Muna
 12665 | Lair:1   | Reached skill level 5 in Dodging
 13317 | Lair:1   | Reached XP level 12. HP: 53/53 MP: 17/25
 13597 | Lair:1   | Identified the +11 scimitar of the Depths {heavy, Dex+3
                  | SInv}
 13914 | Lair:1   | Learned a level 4 spell: Vhi's Electric Charge
 13998 | Lair:2   | Reached skill level 1 in Translocations
 14259 | Lair:2   | Found a staircase to the Snake Pit.
 14591 | Lair:2   | Learned a level 3 spell: Vampiric Draining
 14792 | Lair:2   | Reached skill level 1 in Long Blades
 14799 | Lair:2   | Reached skill level 1 in Alchemy
 14892 | Lair:2   | Identified the +6 battleaxe "Ogreslayer" {flame, SInv}
 15101 | Lair:2   | Reached ***** piety under Sif Muna
 15358 | Lair:2   | Reached skill level 1 in Necromancy
 15365 | Lair:2   | Noticed a death yak
 15368 | Lair:2   | Reached skill level 5 in Conjurations
 15368 | Lair:2   | Killed a death yak
 15400 | Lair:2   | Noticed a four-headed hydra
 15694 | Lair:2   | Noticed a death yak
 15699 | Lair:2   | Killed a death yak
 15713 | Lair:2   | Noticed a five-headed hydra
 15713 | Lair:2   | Noticed a five-headed hydra
 15714 | Lair:2   | Killed a five-headed hydra
 15716 | Lair:2   | Reached XP level 13. HP: 58/58 MP: 27/27
 15719 | Lair:2   | Reached skill level 5 in Translocations
 16184 | Lair:3   | Found a stormy altar of Qazlal.
 16320 | Lair:3   | Received a gift from Sif Muna
 16642 | Lair:3   | Reached skill level 1 in Air Magic
 17053 | Lair:3   | Found a staircase to the Shoals.
 17382 | Lair:3   | Identified a scroll of acquirement
 17382 | Lair:3   | Acquired a manual of Short Blades
 17398 | Lair:4   | Found a viscous altar of Jiyva.
 17398 | Lair:4   | Found a staircase to the Slime Pits.
 17599 | Lair:4   | Found a dark tunnel.
 17606 | Volcano  | Entered a volcano
 17650 | Volcano  | Noticed a fire dragon
 17679 | Volcano  | Killed a fire dragon
 18238 | Lair:4   | Reached skill level 1 in Shields
 18319 | Lair:4   | Reached skill level 1 in Fire Magic
 18324 | Lair:4   | Reached skill level 1 in Ranged Weapons
 18498 | Lair:4   | Identified the +0 falchion of Supply {heavy, Int+3}
 18998 | Lair:4   | Received a gift from Sif Muna
 18999 | Lair:4   | Got Sif Muna's Cyclopedia of Conflagrant Left-Handed Rites
                  | {god gift}
 19317 | Lair:5   | Entered Level 5 of the Lair of Beasts
 19321 | Lair:5   | Reached XP level 14. HP: 63/63 MP: 28/28
 19630 | Lair:5   | Mangled by a death yak

Illustrated notes

Levels and vault maps discovered:
D:1:      giann_wishing_wells, layout_rooms, dk_noncrumbling_3,
          lexackson_kobold_supper
D:2:      cheibrodos_helix_gallery, layout_basic
D:3:      layout_loops_ring, nicolae_overflow_hallway_of_the_gods
D:4:      kennysheep_spiral_hall, layout_loops_ring, led_sif_pool, serial_shops,
          shop
D:5:      layout_layer_cave, ebering_ghost_sewer_f, uniq_menkaure
D:6:      layout_basic, cheibriados_altar_1, kennysheep_mini,
          minmay_temple_entry_from_below_a, ebering_ghost_rock_garden,
          minmay_misc_feat_rows, hex_intersection, hangedman_decor_points
D:7:      kennysheep_seaside_town, layout_rooms, uniq_pikel, uniq_maggie
D:8:      layout_rooms, kiku_gazebo_garden_becter
D:9:      layout_basic, ebering_ghost_gozag, dreamdust_mushroom_princess,
          hex_large
D:10:     layout_cave_pods, erik_lair_island, amcnicky_mini_corridor_feature,
          uniq_harold
Lair:1:   layout_gridlike, chequers_serial_rivers_large_b,
          infiniplex_staircase_pool_2, lemuel_fruit_tree
Lair:2:   nzn_winding_woodlands_stair_cross
          [nzn_winding_woodlands_5x15_lazy_stream,
          nzn_winding_woodlands_center_garden,
          nzn_winding_woodlands_5x15_parted,
          nzn_winding_woodlands_5x5_checkerboard,
          nzn_winding_woodlands_5x5_closed_star, nzn_winding_woodlands_5x15_eye,
          nzn_winding_woodlands_center_lodge,
          nzn_winding_woodlands_5x15_pockets], layout_layer_cave,
          guppyfry_snake_entry_garden, chequers_serial_rivers_micro_b,
          grunt_megastairs_3
Lair:3:   layout_small_grid, elwin_shoals_entry_rooms, serial_bayou,
          serial_bayou_pond_b, serial_bayou_pond_b, serial_bayou_ford_a,
          serial_bayou_crossing, serial_bayou_pond_a, serial_bayou_pond_a,
          basic_altar
Lair:4:   layout_loops_ring, slime_entry_1, nicolae_volcano_entry_hallway,
          lemuel_fruit_fields, serial_bayou_shore_b, grunt_megastairs_4
Lair:5:   hangedman_lair_tendril_chambers, layout_big_grid,
          hangedman_lair_in_review, pdpol_lair_neglected_garden

Skill      XL: |  1  2  3  4  5  6  7  8  9 10 11 12 13 14 |
---------------+-------------------------------------------+-----
Hexes          | 4 5 6 7 9 11 12 13 | 13.7
Short Blades   | 2 3 4 5 6 8 |  8.9
Dodging        | 3 4 5 |  5.6
Stealth        | 5 6 8 9 10 11 13 | 13.6
Spellcasting   | 3 4 5 6 7 8 9 |  9.4
Ice Magic      | 1 2 3 4 |  4.8
Invocations    | 2 3 4 5 6 7 8 |  8.7
Fighting       | 1 2 |  2.6
Evocations     | 1 2 3 4 |  4.3
Conjurations   | 1 3 4 5 |  5.8
Throwing       | 1 2 3 |  3.4
Translocations | 4 7 |  7.3
Long Blades    | 2 3 |  3.3
Alchemy        | 1 2 |  2.8
Necromancy     | 2 3 4 |  4.2
Air Magic      | 1 2 |  2.2
Shields        | 1 |  1.2
Fire Magic     | 1 |  1.5
Ranged Weapons | 2 |  2.6

Action                     |  1- 3 |  4- 6 |  7- 9 | 10-12 | 13-15 || total
---------------------------+-------+-------+-------+-------+-------++-------
  Melee: Dagger            |   374 |   128 |   191 |   228 |   147 ||  1068
         Scimitar          |       |       |       |     8 |     3 ||    11
         Short sword       |       |       |       |     2 |     3 ||     5
   Fire: Sling             |       |       |       |    12 |       ||    12
         Hand cannon       |       |       |       |       |    40 ||    40
  Throw: Dart              |       |     1 |    13 |    54 |    15 ||    83
         Boomerang         |       |       |       |       |    16 ||    16
   Cast: Ensorcelled Hiber |    10 |    22 |    39 |   127 |    58 ||   256
         Tukima's Dance    |       |     1 |    27 |    48 |     2 ||    78
         Dazzling Flash    |       |     1 |     7 |    14 |    12 ||    34
         Confusing Touch   |       |     1 |    12 |     5 |     2 ||    20
         Inner Flame       |       |       |       |     9 |     7 ||    16
         Mephitic Cloud    |       |       |       |    12 |    24 ||    36
         Vampiric Draining |       |       |       |       |    14 ||    14
 Invoke: Channel Magic     |       |       |       |     1 |     1 ||     2
  Evoke: Wand              |       |       |    21 |    13 |     7 ||    41
    Use: Scroll            |       |     4 |     3 |     4 |    12 ||    23
         Potion            |       |       |     1 |     3 |     2 ||     6
   Stab: Sleeping          |    15 |    25 |    36 |    96 |    49 ||   221
         Confused          |       |     1 |    10 |    15 |    18 ||    44
         Invisible         |       |       |     3 |    12 |     6 ||    21
         Paralysed         |       |       |     1 |       |     2 ||     3
         Distracted        |       |       |     1 |     2 |     3 ||     6
 Armour: Robe              |    28 |    43 |    58 |    62 |    63 ||   254
  Dodge: Dodged            |    79 |    78 |   121 |   118 |    95 ||   491
  Block: Other             |       |       |    17 |    33 |    18 ||    68

Table legend: (Time is in decaauts)
 A = Elapsed time spent in this place.
 B = Non-inter-level travel time spent in this place.
 C = Inter-level travel time spent in this place.
 D = Time resting spent in this place.
 E = Time spent auto-exploring this place.
 F = Levels seen in this place.
 G = Mean time per level.
                   A        B        C        D        E       F      G
               +--------+--------+--------+--------+--------+-----+--------+
         Total |  14642 |  14148 |    494 |    719 |   9909 |  16 |  915.1 |
       Dungeon |   9050 |   8695 |    355 |    436 |   6110 |  10 |  905.0 |
          Lair |   5317 |   5179 |    138 |    283 |   3639 |   5 | 1063.4 |
       Volcano |    274 |    274 |      0 |      0 |    159 |   1 |  274.0 |
               +--------+--------+--------+--------+--------+-----+--------+

Top non-repeatable levels by time:
  Lair:2: 1636 daAuts
     D:7: 1427 daAuts
  Lair:1: 1266 daAuts
     D:6: 1212 daAuts
  Lair:3: 1091 daAuts
  Lair:4: 1073 daAuts
     D:5: 1048 daAuts
     D:1: 1011 daAuts
     D:9: 941 daAuts
    D:10: 875 daAuts
     D:8: 657 daAuts
     D:2: 635 daAuts
     D:4: 630 daAuts
     D:3: 609 daAuts
 Volcano: 274 daAuts
